Map: Abiogenesis LE

Players

axu

  • Race: Protoss Protoss
  • League: Platinum
  • Spawn Location: 11:00

ViX - Winner!

  • Race: Terran Terran
  • League: Diamond
  • Spawn Location: 5:00

VOD

Have the link to the VOD?

Description

Time

  • Played on: May 7, 2018, 10:02 a.m.
  • Length: 20:14
Show
View Real Time Build Order
Export as new Build Order

axu Protoss 

Build Orders: 1 Gate Expand, Blink Stalkers 

Get SALT Encoding   

  12  0:01  Probe  
  13  0:13  Probe  
  14  0:18  Pylon  
  14  0:25  Probe  
  15  0:37  Probe  
  15  0:40  Gateway  
  16  0:49  Probe  
  17  0:52  Assimilator  
  17  0:58  Probe  
  18  1:06  Probe  
  19  1:15  Probe  
  20  1:28  Nexus  
  20  1:49  Cybernetics Core  
  20  1:51  Probe  
  20  1:54  Assimilator  
  20  2:02  Pylon  
  20  2:03  Probe  
  21  2:15  Stalker  
  21  2:17  Probe  
  22  2:29  Warp Gate  
  24  2:40  Twilight Council  
  24  2:47  Probe x2  
  26  2:52  Stalker  
  26  2:57  Gateway  
  28  2:59  Probe x2  
  30  3:11  Probe x2  
  30  3:12  Pylon  
  32  3:17  Blink  
  32  3:23  Probe x2  
  34  3:35  Probe x2  
  34  3:36  Gateway  
  36  3:43  Robotics Facility  
  36  3:49  Stalker  
  36  3:52  Probe  
  36  3:53  Probe  
  40  4:02  Gateway  
  40  4:07  Probe x2  
  40  4:08  Pylon  
  42  4:18  Assimilator  
  42  4:19  Probe x2  
  42  4:22  Assimilator  
  44  4:24  Shield Battery  
  44  4:38  Warp Prism  
  44  4:43  Probe x2  
  44  4:44  Pylon  
  48  4:52  Stalker x2  
  52  4:55  Probe x2  
  54  5:04  Stalker x2  
  58  5:19  Stalker x2  
  62  5:29  Pylon  
  62  5:32  Pylon  
  62  5:35  Stalker x2  
  44  6:33  Immortal  
  44  6:38  Stalker x4  
  54  6:56  Charge  
  54  6:57  Nexus  
  54  7:01  Stalker x3, Pylon  
  54  7:02  Stalker  
  54  7:03  Pylon  
  54  7:05  Pylon  
  54  7:06  Immortal  
  62  7:12  Gateway  
  62  7:13  Gateway  
  66  7:15  Gateway  
  66  7:18  Gateway  
  66  7:37  Stalker x2  
  66  7:38  Stalker x2  
  66  7:43  Forge  
  74  7:44  Forge  
  74  7:46  Dark Shrine  
  74  7:56  Probe x2  
  76  8:08  Probe x2  
  76  8:09  Zealot x4  
  86  8:26  Sentry x3  
  92  8:27  Protoss Ground Weapons Level 1, Protoss Ground Armor Level 1  
  92  8:34  Probe x3  
  95  8:46  Probe x3  
  95  8:47  Assimilator  
  98  8:51  Assimilator, Stalker x3  
  98  8:52  Stalker x2  
  98  8:54  Immortal  
  98  8:55  Zealot  
  114  9:03  Probe  
  114  9:04  Probe x2  
  117  9:16  Probe x3  
  120  9:17  Dark Templar x2  
  120  9:22  Pylon  
  120  9:24  Pylon  
  124  9:25  Pylon  
  124  9:27  Pylon  
  124  9:28  Probe  
  125  9:40  Probe  
  125  9:41  Observer  
  127  9:48  Shield Battery  
  127  9:51  Shield Battery  
  127  9:53  Shield Battery  
  127  10:02  Observer  
  128  10:16  Protoss Ground Weapons Level 2, Protoss Ground Armor Level 2  
  122  10:30  Dark Templar x5  
  122  10:31  Dark Templar x3  
  122  10:34  Archon x2  
  122  10:35  Archon x2  
  138  10:42  Immortal  
  142  10:52  Stargate  
  142  10:53  Stargate  
  142  10:55  Stargate  
  142  11:03  Zealot x5  
  142  11:04  Zealot x2  
  154  11:10  Pylon  
  156  11:12  Pylon  
  156  11:17  Stalker  
  157  11:42  Fleet Beacon  
  157  11:48  Phoenix x3  
  162  12:22  Stalker x2  
  162  12:23  Stalker x5  
  162  12:49  Stalker  
  162  12:50  Stalker x3  
  162  12:51  Stalker x4  
  150  14:09  Carrier  
  150  14:11  Stalker x3  
  150  14:12  Stalker  
  152  14:22  Carrier  
  152  14:28  Pylon  
  152  14:32  Pylon  
  152  14:40  Pylon  
  152  14:42  Pylon  
  152  14:47  Pylon  
  152  14:49  Carrier, Pylon  
  152  14:51  Pylon  
  152  14:53  Pylon  
  152  14:55  Pylon  
  152  15:04  Protoss Air Weapons Level 1  
  158  15:24  Carrier  
  166  15:36  Nexus  
  166  15:38  Pylon  
  166  15:40  Pylon  
  172  15:43  Pylon  
  107  16:55  Protoss Ground Weapons Level 3  
  107  16:56  Protoss Ground Armor Level 3  
  99  17:02  Stalker x3  
  99  17:03  Stalker x4  
  110  17:35  Pylon  
  110  17:37  Probe x3  
  112  17:40  Pylon  
  113  17:45  Pylon  
  113  17:49  Probe x3  
  116  17:58  Pylon  
  116  18:00  Pylon  
  116  18:07  Dark Templar x3  
  115  18:29  Pylon  
  112  18:37  Probe x3  
  115  18:49  Probe x3  
  115  18:53  Assimilator  
  115  18:54  Dark Templar x3  
  115  18:55  Dark Templar x4  
  132  18:56  Assimilator  
  132  18:57  Archon  
  132  18:58  Archon x3  
  132  18:59  Archon x2  
  132  19:01  Probe  
  133  19:11  Fleet Beacon  
  133  19:21  Nexus  
  105  19:39  Dark Templar x4  
  105  19:40  Dark Templar x2  
  102  19:46  Archon  
  102  19:49  Archon x2  
Show
View Real Time Build Order
Export as new Build Order

ViX Terran - Winner!

Build Orders:  

Get SALT Encoding   

  12  0:01  SCV  
  13  0:13  SCV  
  14  0:24  Supply Depot  
  14  0:25  SCV  
  15  0:31  Refinery  
  15  0:45  SCV  
  15  0:48  Barracks  
  16  0:58  SCV  
  17  1:04  Supply Depot  
  17  1:07  Refinery  
  17  1:10  SCV  
  18  1:22  SCV  
  19  1:34  SCV  
  20  1:42  Factory  
  20  1:46  SCV  
  21  1:53  Barracks Tech Lab  
  21  2:26  Command Center  
  21  2:37  Siege Tank  
  25  2:51  Barracks Reactor  
  25  2:52  Orbital Command  
  24  3:02  Supply Depot  
  24  3:09  Starport  
  24  3:17  Siege Tank  
  27  3:35  Engineering Bay  
  27  3:36  SCV  
  28  3:53  Refinery  
  28  3:55  SCV  
  29  3:58  SCV  
  30  4:05  Missile Turret  
  30  4:07  SCV  
  31  4:10  Refinery  
  31  4:12  Liberator  
  31  4:24  Planetary Fortress  
  31  4:26  Missile Turret x2  
  34  4:36  SCV  
  35  4:42  Liberator  
  35  4:46  Missile Turret  
  35  4:48  SCV  
  36  5:00  SCV  
  36  5:03  SCV  
  36  5:05  Liberator  
  41  5:13  SCV  
  42  5:16  Missile Turret  
  42  5:18  Supply Depot  
  42  5:27  SCV  
  46  5:40  Starport, SCV x2  
  48  5:44  Siege Tank  
  51  5:52  SCV  
  45  6:24  Missile Turret  
  45  6:29  Missile Turret  
  45  6:37  SCV  
  45  6:38  SCV  
  47  6:47  Missile Turret  
  47  6:50  SCV x2  
  47  6:53  Missile Turret, Starport Tech Lab  
  49  6:57  Command Center  
  49  7:02  SCV x2  
  49  7:03  Missile Turret  
  51  7:12  Missile Turret  
  51  7:14  SCV x2  
  53  7:26  SCV x2  
  53  7:27  Fusion Core  
  55  7:30  Liberator x2  
  55  7:35  Starport  
  55  7:38  SCV  
  55  7:41  Supply Depot  
  55  7:42  Supply Depot  
  56  7:46  Refinery  
  62  7:58  Supply Depot  
  62  7:59  Supply Depot  
  62  8:03  SCV x2  
  64  8:14  Missile Turret  
  64  8:19  Planetary Fortress  
  64  8:20  Missile Turret  
  64  8:44  SCV x2  
  66  8:52  Refinery  
  66  8:56  Missile Turret, SCV x2  
  66  9:00  Supply Depot  
  68  9:03  Missile Turret  
  68  9:05  Supply Depot  
  68  9:08  SCV x2  
  70  9:11  Starport Tech Lab  
  70  9:13  Battlecruiser  
  70  9:14  SCV  
  77  9:19  Weapon Refit  
  77  9:20  SCV x2  
  79  9:26  Starport, SCV  
  79  9:31  Armory  
  80  9:32  SCV  
  80  9:34  SCV  
  82  9:42  Supply Depot x2  
  82  9:45  Liberator  
  82  9:48  Armory  
  86  10:17  Battlecruiser  
  89  10:26  Liberator  
  89  10:28  Missile Turret  
  89  10:30  Missile Turret  
  89  10:36  Starport Tech Lab  
  89  10:37  Battlecruiser  
  95  10:44  Command Center  
  95  10:48  SCV x3  
  95  10:49  Sensor Tower, Missile Turret  
  98  11:00  SCV  
  98  11:01  Terran Ship Weapons Level 1  
  98  11:02  Terran Vehicle And Ship Armor Level 1  
  99  11:23  Battlecruiser x2  
  111  11:34  Starport Tech Lab  
  111  11:35  Missile Turret  
  111  11:41  Battlecruiser  
  111  11:44  Supply Depot  
  111  11:46  Supply Depot  
  117  11:47  Supply Depot  
  117  11:58  Refinery  
  117  11:59  Battlecruiser  
  123  12:05  Refinery  
  123  12:09  Planetary Fortress  
  123  12:27  Battlecruiser  
  123  12:53  Battlecruiser x2  
  135  13:17  Battlecruiser  
  129  13:20  SCV  
  129  13:27  Missile Turret x2  
  130  13:32  SCV  
  89  14:07  SCV  
  89  14:08  SCV  
  91  14:20  SCV x2  
  87  14:32  SCV  
  87  14:35  SCV  
  89  14:44  SCV  
  90  14:47  Battlecruiser x4  
  114  14:56  Command Center  
  114  15:06  Terran Ship Weapons Level 2  
  114  15:08  Terran Vehicle And Ship Armor Level 2  
  114  15:13  Supply Depot  
  114  15:30  Supply Depot  
  114  15:45  SCV x2  
  114  15:47  Supply Depot  
  116  15:51  Battlecruiser  
  116  15:52  Supply Depot  
  116  15:56  Supply Depot  
  122  16:02  Battlecruiser  
  122  16:03  Battlecruiser  
  134  16:23  Battlecruiser  
  122  16:55  Battlecruiser  
  128  17:08  Battlecruiser  
  134  17:13  Refinery  
  134  17:35  Planetary Fortress  
  134  17:45  Supply Depot  
  134  17:46  Refinery  
  134  17:55  Raven  
  134  17:57  Battlecruiser  
  142  18:18  Battlecruiser  
  145  18:36  Missile Turret  
  145  18:37  SCV  
  146  18:42  Missile Turret  
  146  18:43  Battlecruiser  
  152  19:03  Raven  
  154  19:12  Supply Depot  
Tags
 
Add a new tag
Caveats
  • Supply blocks, unpowered buildings, or Contaminate may cause inaccurate times.
  • Supply counts are checked every 10 seconds.